 Dungeon Sprint DCSS version 0.31.0-32-g396128a36d (webtiles) character file.

Game seed: 18104231604874990296

42743 Groucho the Earth Mage (level 13, 0/65 HPs)
             Began as a Spriggan Earth Elementalist on Mar 18, 2024.
             Was the Champion of Sif Muna.
             Shot with an arrow by a deep elf master archer (38 damage)
             ... in the Dungeon (Sprint VII: "The Pits").
             The game lasted 00:47:37 (17077 turns).

Groucho the Earth Mage (SpEE)                      Turns: 17077, Time: 00:47:38

Health: 0/65       AC: 14    Str: 10    XL:     13   Next: 87%
Magic:  23/34      EV: 21    Int: 24    God:    Sif Muna [******]
Gold:   19         SH:  0    Dex: 22    Spells: 2/45 levels left

rFire   . . .        C - +10 short sword of the Seer {flame, ^Drain rElec Will+}
rCold   . . .        (no shield)
rNeg    . . .        d - +2 acid dragon scales
rPois   .            a - +2 hat of Ameehoub {Dex+5 Slay+5}
rElec   +            (no cloak)
rCorr   +            (gloves unavailable)
SInv    +            (boots unavailable)
Will    +++..        (no amulet)
Stlth   ++++         z - ring "Juloxuyze" {^Contam Str+6 Int+4}
HPRegen 0.30/turn    o - +3 ring of protection
MPRegen 0.24/turn

%: no teleportation
@: studying Ice Magic, very quick
A: very small, no large weapons, unfitting armour, see invisible, speed 3
a: Renounce Religion, Channel Magic, Forget Spell, Divine Exegesis


You were in the Dungeon.
You worshipped Sif Muna.
Sif Muna was exalted by your worship.
You visited 1 branch You collected 19 gold pieces.

Inventory:

Hand Weapons
 h - a +2 dagger of draining
 m - a +3 dagger
 C - the +10 short sword of the Seer (weapon) {flame, ^Drain rElec Will+}
   (You found it in the Dungeon)

   rElec:     It insulates you from electricity.
   Will+:     It increases your willpower.
   ^Drain:    It drains your maximum health when unequipped.
Missiles
 i - 3 throwing nets
Armour
 a - the +2 hat of Ameehoub (worn) {Dex+5 Slay+5}
   (You found it in the Dungeon)

   Dex+5:     It affects your dexterity (+5).
   Slay+5:    It affects your accuracy & damage with ranged weapons and melee
   (+5).
 d - +2 acid dragon scales (worn)
 n - a +0 troll leather armour
Magical Staves
 E - a staff of earth
Jewellery
 o - a +3 ring of protection (right hand)
 x - a +5 ring of evasion
 y - a ring of poison resistance
 z - the ring "Juloxuyze" (left hand) {^Contam Str+6 Int+4}
   (You found it in the Dungeon)

   [ring of strength]

   Str+6:     It affects your strength (+6).
   Int+4:     It affects your intelligence (+4).
   ^Contam:   It causes magical contamination when unequipped.
Wands
 A - a wand of acid (5)
 B - a wand of charming (6)
 D - a wand of flame (1)
 F - a wand of roots (3)
Scrolls
 g - 4 scrolls of fog
 j - 3 scrolls of vulnerability
 k - 5 scrolls of amnesia
 l - a scroll of butterflies
 r - 2 scrolls of identify
 t - 3 scrolls of fear
 v - 4 scrolls of enchant armour
Potions
 b - 5 potions of magic
 c - 6 potions of curing
 e - 2 potions of haste
 f - 5 potions of berserk rage
 p - 2 potions of might
 q - 2 potions of brilliance
 s - 3 potions of resistance
 u - 3 potions of mutation
 w - a potion of attraction


   Skills:
 + Level 6.2 Fighting
 + Level 7.0 Short Blades
 + Level 6.0 Armour
 - Level 7.0 Dodging
 + Level 9.6 Stealth
 + Level 16.7 Spellcasting
 * Level 15.2 Conjurations
 * Level 11.2 Necromancy
 * Level 18.0 Earth Magic
 + Level 13.0 Alchemy
 - Level 10.0 Invocations


You had 2 spell levels left.
You knew the following spells:

 Your Spells              Type           Power      Damage    Failure   Level
a - Sandblast             Erth           100%       2d20      0%          1
b - Stone Arrow           Conj/Erth      100%       3d13      0%          3
c - Petrify               Alch/Erth      76%        N/A       1%          4
d - Brom's Barrelling Bo  Conj/Erth      79%        2d9       1%          4
e - Leda's Liquefaction   Alch/Erth      38%        N/A       1%          4
f - Mephitic Cloud        Conj/Alch/Air  60%        N/A       1%          3
g - Irradiate             Conj/Alch      36%        3d23      1%          5
h - Bombard               Conj/Erth      39%        9d7       1%          6
i - Borgnjor's Vile Clut  Necr/Erth      37%        N/A       1%          5
j - Vampiric Draining     Necr           65%        2d10      1%          3
k - Lee's Rapid Deconstr  Erth           41%        3d20*     1%          5

Your spell library contained the following spells:

 Spells                   Type           Power      Damage    Failure   Level
 Magic Dart               Conj           100%       1d8       0%          1
 Sting                    Conj/Alch      100%       1d9       0%          1
 Searing Ray              Conj           100%       2d8       0%          2
 Foxfire                  Conj/Fire      100%       2x1d9     1%          1
 Kiss of Death            Conj/Necr      100%       2d13      1%          1
 Necrotise                Necr           100%       1d9       1%          1
 Shock                    Conj/Air       100%       1d9       1%          1
 Cigotuvi's Dreadful Rot  Necr/Alch/Air  100%       N/A       1%          2
 Mercury Vapours          Alch/Air       100%       N/A       1%          2
 Static Discharge         Conj/Air       100%       3-8/arc   1%          2
 Sublimation of Blood     Necr           65%        N/A       1%          2
 Summon Small Mammal      Summ           80%        N/A       4%          1
 Blink                    Tloc           40%        N/A       6%          2
 Call Imp                 Summ           40%        N/A       6%          2
 Jinxbite                 Hex            40%        N/A       6%          2
 Scorch                   Fire           40%        2d6       6%          2
 Passwall                 Erth           82%        N/A       0%          3
 Dazzling Flash           Conj/Hex       100%       N/A       1%          3
 Hailstorm                Conj/Ice       54%        3d11      1%          3
 Animate Armour           Summ/Erth      100%       N/A       1%          4
 Animate Dead             Necr           65%        N/A       1%          4
 Dispel Undead            Necr           65%        3d22      1%          4
 Flame Wave               Conj/Fire      54%        2d13      1%          4
 Fulminant Prism          Conj/Alch      36%        3d17      1%          4
 Olgreb's Toxic Radiance  Alch           70%        N/A       1%          4
 Alistair's Intoxication  Alch           46%        N/A       1%          5
 Curse of Agony           Necr           65%        N/A       1%          5
 Iskenderun's Battlesphe  Conj           75%        2d12      1%          5
 Eringya's Noxious Bog    Alch           35%        4d6       3%          6
 Anguish                  Hex/Necr       23%        N/A       4%          4
 Martyr's Knell           Necr/Summ      47%        N/A       4%          4
 Arcjolt                  Conj/Air       27%        1d37      4%          5
 Fireball                 Conj/Fire      27%        3d12      4%          5
 Death Channel            Necr           32%        N/A       6%          6
 Orb of Destruction       Conj           37%        9d11      6%          7
 Yara's Violent Unravell  Hex/Alch       25%        3d11      8%          5
 Summon Ice Beast         Ice/Summ       20%        N/A       12%         3
 Tukima's Dance           Hex            20%        N/A       12%         3
 Freezing Cloud           Conj/Ice/Air   22%        6-21      14%         5
 Conjure Ball Lightning   Conj/Air       27%        3x3d8     26%         6
 Starburst                Conj/Fire      27%        6d9       26%         6
 Lehudib's Crystal Spear  Conj/Erth      39%        10d10     28%         8
 Cause Fear               Hex            10%        N/A       36%         4
 Summon Blazeheart Golem  Fire/Summ      20%        N/A       36%         4
 Summon Lightning Spire   Summ/Air       20%        N/A       36%         4
 Vhi's Electric Charge    Tloc/Air       40%        N/A       36%         4
 Silence                  Hex/Air        10%        N/A       73%         5
 Spellforged Servitor     Conj/Summ      27%        N/A       83%         7
 Shatter                  Erth           41%        3d32*     94%         9
 Haunt                    Necr/Summ      23%        N/A       98%         7
 Dispersal                Tloc           10%        N/A       99%         6
 Summon Cactus Giant      Summ           10%        N/A       99%         6
 Enfeeble                 Hex            10%        N/A       100%        7
 Malign Gateway           Summ/Tloc      10%        N/A       100%        7
 Disjunction              Tloc           10%        N/A       100%        8
 Summon Horrible Things   Summ           10%        N/A       100%        8
 Chain Lightning          Conj/Air       27%        3d36      100%        9
 Dragon's Call            Summ           10%        N/A       100%        9
 Fire Storm               Conj/Fire      27%        8d7       100%        9


Dungeon Overview and Level Annotations

Branches:
Dungeon (1/1)

Altars:
Ashenzari
Cheibriados
Dithmenos
Elyvilon
Fedhas
Gozag
Hepliaklqana
Kikubaaqudgha
Makhleb
Nemelex Xobeh
Okawaru
Qazlal
Ru
Sif Muna
Trog
Uskayaw
Vehumet
Wu Jian
Xom
Yredelemnul
Zin
The Shining One
Jiyva
Lugonu


Innate Abilities, Weirdness & Mutations

You are very small and have problems with some larger weapons.
You are too small for most types of armour.
You have supernaturally acute eyesight. (SInv)
You cover ground extremely quickly. (Speed+++)


Message History

The zombie hands constrict the occultist.
You kill the occultist!
Sif Muna accepts your kill.
Your Short Blades skill increases to level 7!
Unknown command.
Casting: Bombard (dangerous; 1% risk of failure)
Confirm with . or Enter, or press ? or * to list all spells.
Aiming: Borgnjor's Vile Clutch (dangerous; 1% risk of failure)
Press: ? - help, Shift-Dir - straight line, f - deep elf master archer
Aim: a deep elf master archer, wearing a +0 leather armour (100% to hit)
Zombie hands grab the deep elf master archer.
The zombie hands constrict the deep elf master archer.
The deep elf master archer wields a +0 heavy longbow.
The deep elf master archer shoots an arrow.
The arrow completely misses you.
Unknown command.
The zombie hands constrict the deep elf master archer.
The deep elf master archer shoots an arrow.
The arrow hits you!!
Casting: Borgnjor's Vile Clutch (dangerous; 1% risk of failure)
Confirm with . or Enter, or press ? or * to list all spells.
Aiming: Mephitic Cloud (safe; 1% risk of failure)
Press: ? - help, Shift-Dir - straight line, p - deep elf master archer The ball explodes into a vile cloud!
The stinking cloud engulfs the deep elf master archer.
The deep elf master archer is lightly wounded.
You feel less invigorated.
The zombie hands constrict the deep elf master archer!
The deep elf master archer is engulfed in noxious fumes.
The deep elf master archer shoots an arrow.
The arrow closely misses you.
Unknown command.
Unknown command.
Unknown command.
The zombie hands constrict the deep elf master archer.
The deep elf master archer is engulfed in noxious fumes.
The deep elf master archer shoots an arrow.
The arrow hits you!!!
Ouch! That really hurt!
You die...

####..##..#....#..#
.#.#..##.......E..+
#.##..##..........+
.#.#..####''####''#
#.##..####''####e'###############
.#.#..##......##§☼)..).)..)..)...
####..##.#p##.##.§†).)...)..).)..
......##.#:D+.##)(##############)
......##.+eX#.##@.#))'...'))#....
########.#2E+.##.)#))#...#))#....
########.+Op#.##.)####...#######.
..##..##.##+#.##).#.........#.)..
..##..##......##..#..............
.)''..##########..#.........#....
..''..##########..##'###'##.####.
..##.....[........#))))#))#.#..##
..##..............#))))#))#.'..#


You could see a deep elf master archer (clutched) and an air elemental
(wandering).

Vanquished Creatures
  2 deep elf blademasters (D)
  Gastronok (D)
  2 orc warlords (D)
  A stone giant (D)
  An eidolon (D)
  A merfolk impaler (D)
  A merfolk javelineer (D)
  A yaktaur captain (D)
  A deep elf high priest (D)
  Harold (D)
  2 vault guards (D)
  A rakshasa (D)
  3 boulder beetles (D)
  2 anacondas (D)
  A death knight (D)
  2 two-headed ogres (D)
  A naga warrior (D)
  A demonic crawler (D)
  An occultist (D)
  3 hell knights (D)
  2 deep elf knights (D)
  A sixfirhy (D)
  A sea snake (D)
  A deep troll (D)
  A bog body (D)
  2 necromancers (D)
  A swamp dragon (D)
  12 orc knights (D)
  A manticore (D)
  6 elephants (D)
  2 black mambas (D)
  2 smoke demons (D)
  A kobold demonologist (D)
  A yaktaur (D)
  An ice devil (D)
  A red devil (D)
  2 trolls (D)
  A hornet (D)
  5 merfolk (D)
  A tyrant leech (D)
  A tarantella (D)
  A snapping turtle (D)
  A wind drake (D)
  5 dream sheep (D)
  8 blink frogs (D)
  Sigmund (D)
  A jumping spider (D)
  A vampire (D)
  3 yaks (D)
  A wyvern (D)
  A ynoxinul (D)
  A warg (D)
  9 vampire mosquitoes (D)
  2 redbacks (D)
  2 chaos spawn (D)
  An acid dragon (D)
  An orc warrior (D)
  A sky beast (D)
  3 ogres (D)
  3 wolves (D)
  A necrophage (D)
  A brain worm (D)
  8 wights (D)
  A crimson imp (D)
  A hound (D)
  A jelly (D)
  A quasit (D)
  2 orc priests (D)
  A gnoll bouda (D)
  2 orc wizards (D)
  A hell rat (D)
  A mummy (D)
  2 adder skeletons (D)
  A dart slug (D)
  An adder simulacrum (D)
  4 orcs (D)
  A bat zombie (D)
  3 giant cockroaches (D)
  A goblin (D)
  A hobgoblin (D)
  4 jackals (D)
  A kobold (D)
  A quokka (D)
  2 ball pythons (D)
  A bat simulacrum (D)
  A frilled lizard (D)
  A jackal zombie (D)
  A rat (D)
168 creatures vanquished.

Vanquished Creatures (collateral kills)
  3 boulders (D)
3 creatures vanquished.

Vanquished Creatures (others)
  An adder (D)
  3 boulders (D)
4 creatures vanquished.

Grand Total: 175 creatures vanquished

Notes
Turn   | Place    | Note
-------+----------+-------------------------------------------
     0 | D        | Groucho the Spriggan Earth Elementalist began the quest for
                  | the Orb.
     0 | D        | Reached XP level 1. HP: 9/9 MP: 5/5
    12 | D        | Reached skill level 1 in Conjurations
    42 | D        | Found a bloodstained altar of Trog.
    42 | D        | Found a shimmering blue altar of Sif Muna.
    42 | D        | Found a viscous altar of Jiyva.
    42 | D        | Found a hazy altar of Hepliaklqana.
    42 | D        | Found an opulent altar of Gozag.
    43 | D        | Found a glowing golden altar of the Shining One.
    43 | D        | Found a glowing silver altar of Zin.
    43 | D        | Found a basalt altar of Yredelemnul.
    43 | D        | Found a shimmering altar of Xom.
    43 | D        | Found an ornate altar of the Wu Jian Council.
    43 | D        | Found a sacrificial altar of Ru.
    43 | D        | Found a stormy altar of Qazlal.
    43 | D        | Found an iron altar of Okawaru.
    43 | D        | Found a sparkling altar of Nemelex Xobeh.
    43 | D        | Found a burning altar of Makhleb.
    43 | D        | Found a blossoming altar of Fedhas.
    43 | D        | Found a white marble altar of Elyvilon.
    43 | D        | Found a shadowy altar of Dithmenos.
    43 | D        | Found a snail-covered altar of Cheibriados.
    45 | D        | Found a radiant altar of Vehumet.
    45 | D        | Found a corrupted altar of Lugonu.
    46 | D        | Found a hide-covered altar of Uskayaw.
    46 | D        | Found an ancient bone altar of Kikubaaqudgha.
    46 | D        | Found a broken altar of Ashenzari.
    48 | D        | Became a worshipper of Sif Muna the Loreminder
    64 | D        | Reached skill level 3 in Earth Magic
   223 | D        | Reached * piety under Sif Muna
   248 | D        | Reached XP level 2. HP: 13/13 MP: 5/7
   373 | D        | Reached ** piety under Sif Muna
   374 | D        | Noticed an ogre
   506 | D        | Killed an ogre
   506 | D        | Reached *** piety under Sif Muna
   507 | D        | Reached skill level 5 in Spellcasting
   507 | D        | Reached skill level 5 in Earth Magic
   507 | D        | Reached XP level 3. HP: 16/16 MP: 3/10
   507 | D        | Reached XP level 4. HP: 21/21 MP: 3/12
   514 | D        | Learned a level 3 spell: Stone Arrow
   809 | D        | Reached skill level 6 in Earth Magic
   809 | D        | Reached XP level 5. HP: 24/24 MP: 11/14
  1049 | D        | Reached skill level 5 in Conjurations
  1049 | D        | Reached skill level 7 in Earth Magic
  1050 | D        | Reached **** piety under Sif Muna
  1078 | D        | Reached XP level 6. HP: 28/28 MP: 6/17
  1102 | D        | Reached skill level 8 in Earth Magic
  1177 | D        | Noticed a sky beast
  1181 | D        | Killed a sky beast
  1182 | D        | Reached skill level 1 in Invocations
  1427 | D        | Noticed a warg
  1469 | D        | Killed a warg
  1469 | D        | Reached ***** piety under Sif Muna
  1470 | D        | Reached skill level 9 in Earth Magic
  1470 | D        | Reached XP level 7. HP: 32/32 MP: 3/20
  1848 | D        | Learned a level 4 spell: Petrify
  1860 | D        | Noticed a deep troll
  1881 | D        | Killed a deep troll
  1881 | D        | Received a gift from Sif Muna
  1882 | D        | Reached skill level 1 in Fighting
  1882 | D        | Reached skill level 10 in Earth Magic
  1882 | D        | Reached XP level 8. HP: 38/38 MP: 7/22
  1882 | D        | Got Sif Muna's Collected Works on Concussion and Misfortune
                  | {god gift}
  2566 | D        | Noticed an orc knight
  2567 | D        | Noticed a boulder beetle
  2571 | D        | Reached skill level 5 in Stealth
  2572 | D        | Reached skill level 1 in Armour
  2600 | D        | Killed an orc knight
  2601 | D        | Reached skill level 5 in Dodging
  2601 | D        | Reached skill level 5 in Invocations
  2601 | D        | Reached XP level 9. HP: 14/43 MP: 17/23
  3069 | D        | Killed a boulder beetle
  3070 | D        | Reached skill level 10 in Spellcasting
  3070 | D        | Reached skill level 11 in Earth Magic
  3444 | D        | Noticed a demonic crawler
  3525 | D        | Killed a demonic crawler
  3525 | D        | Received a gift from Sif Muna
  3526 | D        | Got Qefudu's Directory of the Kinetic Cemetery {god gift}
  3735 | D        | Learned a level 4 spell: Brom's Barrelling Boulder
  3784 | D        | Noticed a swamp dragon
  3840 | D        | Reached skill level 5 in Short Blades
  3840 | D        | Reached skill level 5 in Alchemy
  4187 | D        | Reached XP level 10. HP: 46/50 MP: 8/25
  4188 | D        | Reached skill level 12 in Earth Magic
  4402 | D        | Reached ****** piety under Sif Muna
  4433 | D        | Noticed a boulder beetle
  4449 | D        | Killed a boulder beetle
  4449 | D        | Received a gift from Sif Muna
  4450 | D        | Reached skill level 10 in Conjurations
  4450 | D        | Got Sif Muna's Verses on Black Mysteries and the Jaunt {god
                  | gift}
  4676 | D        | Killed a swamp dragon
  4861 | D        | Reached skill level 5 in Fighting
  4868 | D        | Received a gift from Sif Muna
  5128 | D        | Noticed Sigmund
  5152 | D        | Received a gift from Sif Muna
  5153 | D        | Got Irphiforgh's Volume of Wyrd {god gift}
  5242 | D        | Noticed a smoke demon
  5284 | D        | Killed a smoke demon
  5461 | D        | Reached skill level 13 in Earth Magic
  5622 | D        | Killed Sigmund
  6410 | D        | Noticed a smoke demon
  6410 | D        | Noticed a bog body
  6450 | D        | Killed a smoke demon
  6450 | D        | Received a gift from Sif Muna
  6451 | D        | Reached skill level 5 in Armour
  6451 | D        | Reached XP level 11. HP: 48/55 MP: 18/28
  6453 | D        | Killed a bog body
  6457 | D        | Got Sif Muna's Octavo of Creation and Conjuration {god
                  | gift}
  7318 | D        | Noticed a sea snake
  7319 | D        | Received a gift from Sif Muna
  7320 | D        | Got Sif Muna's Enchiridion on the Plutonic Queen Bee {god
                  | gift}
  7406 | D        | Reached skill level 14 in Earth Magic
  7943 | D        | Learned a level 4 spell: Leda's Liquefaction
  7953 | D        | Killed a sea snake
  8683 | D        | Got the ring "Juloxuyze" {^Contam Str+6 Int+4}
  8745 | D        | Received a gift from Sif Muna
  8752 | D        | Got Sif Muna's Discourse on the Legion and Arcane Weapons
                  | {god gift}
  9026 | D        | Learned a level 3 spell: Mephitic Cloud
  9032 | D        | Learned a level 5 spell: Irradiate
  9039 | D        | Learned a level 6 spell: Bombard
  9311 | D        | Learned a level 5 spell: Borgnjor's Vile Clutch
  9311 | D        | Received a gift from Sif Muna
  9359 | D        | Reached skill level 1 in Necromancy
  9674 | D        | Noticed a boulder beetle
  9680 | D        | Received a gift from Sif Muna
  9691 | D        | Killed a boulder beetle
 10483 | D        | Noticed a two-headed ogre
 10483 | D        | Noticed a death knight
 10488 | D        | Killed a two-headed ogre
 10489 | D        | Reached skill level 15 in Earth Magic
 10492 | D        | Reached XP level 12. HP: 60/60 MP: 7/31
 10516 | D        | Killed a death knight
 10517 | D        | Reached skill level 10 in Alchemy
 10517 | D        | Reached skill level 10 in Invocations
 10949 | D        | Noticed an orc warlord
 10950 | D        | Noticed an orc warlord
 11319 | D        | Received a gift from Sif Muna
 11320 | D        | Got Sif Muna's Atlas of Arenous Beguiling {god gift}
 11484 | D        | Killed an orc warlord
 11676 | D        | Reached skill level 5 in Necromancy
 11865 | D        | Killed an orc warlord
 11912 | D        | Noticed an anaconda
 11924 | D        | Killed an anaconda
 11924 | D        | Received a gift from Sif Muna
 11934 | D        | Got Sif Muna's Meditations on the Foggy Anticline {god
                  | gift}
 12058 | D        | Reached skill level 16 in Earth Magic
 12136 | D        | Reached skill level 15 in Spellcasting
 12406 | D        | Noticed a vault guard
 12455 | D        | Killed a vault guard
 12495 | D        | Received a gift from Sif Muna
 12496 | D        | Got Sif Muna's Tome of the Chthonic Map {god gift}
 13094 | D        | Noticed a merfolk impaler
 13104 | D        | Killed a merfolk impaler
 13517 | D        | Received a gift from Sif Muna
 13518 | D        | Got Sif Muna's Notes on United Quicksand {god gift}
 13745 | D        | Noticed a yaktaur captain
 13953 | D        | Noticed a deep elf high priest
 13982 | D        | Killed a deep elf high priest
 14110 | D        | Killed a yaktaur captain
 14111 | D        | Reached XP level 13. HP: 12/63 MP: 16/33
 14463 | D        | Noticed a deep elf blademaster
 14479 | D        | Noticed a stone giant
 14530 | D        | Killed a deep elf blademaster
 14531 | D        | Reached skill level 17 in Earth Magic
 14665 | D        | Killed a stone giant
 15181 | D        | Got the +2 hat of Ameehoub {Dex+5 Slay+5}
 15352 | D        | Learned a level 3 spell: Vampiric Draining
 15403 | D        | Found the +5 Lochaber axe {reach-cleave, Poleaxe ^Drain}
 15403 | D        | Noticed an eidolon
 15576 | D        | Received a gift from Sif Muna
 15578 | D        | Got Sif Muna's Parchment of Injury and Grit {god gift}
 15586 | D        | Learned a level 5 spell: Lee's Rapid Deconstruction
 15592 | D        | Killed an eidolon
 15623 | D        | Reached skill level 10 in Necromancy
 15853 | D        | Noticed a merfolk javelineer
 15857 | D        | Killed a merfolk javelineer
 15857 | D        | Received a gift from Sif Muna
 15859 | D        | Noticed Harold
 15878 | D        | Identified the +6 fire dragon scales "Reomn" {rF++ rC-
                  | Str+2}
 15882 | D        | Noticed a deep elf blademaster
 16103 | D        | Killed a deep elf blademaster
 16217 | D        | Killed Harold
 16217 | D        | Received a gift from Sif Muna
 16218 | D        | Reached skill level 15 in Conjurations
 16219 | D        | Got Qayzet's Omnibus of Composition and Arcane Combat {god
                  | gift}
 16563 | D        | Noticed Gastronok
 16637 | D        | Killed Gastronok
 16699 | D        | Reached skill level 18 in Earth Magic
 16704 | D        | Received a gift from Sif Muna
 16705 | D        | Got Kaoghaesch's Atlas of the Fetid Autopsy {god gift}
 16950 | D        | Got the +10 short sword of the Seer {flame, ^Drain rElec
                  | Will+}
 17050 | D        | Found the +4 Cigotuvi's embrace {Corpsefed rMiasma ^Drain
                  | rN+}
 17050 | D        | Noticed a fire dragon
 17050 | D        | Noticed a tentacled monstrosity
 17050 | D        | Noticed a deep elf master archer
 17077 | D        | Shot with an arrow by a deep elf master archer

Illustrated notes

Levels and vault maps discovered:
D:        pitsprint [storerooms_1, entrance_room_1, metal_vault_4, armoury_2,
          mini_pit_1, grid_room_1, main_hall_1, silver_pit, the_coven_3,
          the_vestibule_1, steel_vault_4, golden_pit, hallway_of_sentries,
          crystal_vault_4, iron_vault_3, final_vault]

Skill      XL: |  1  2  3  4  5  6  7  8  9 10 11 12 13 |
---------------+----------------------------------------+-----
Conjurations   | 1 4 6 7 8 9 11 12 14 15 | 15.2
Spellcasting   | 3 5 6 7 8 9 10 12 14 15 16 | 16.7
Earth Magic    | 3 5 6 7 9 10 11 13 15 16 18 | 18.0
Invocations    | 3 4 5 6 8 9 10 | 10.0
Fighting       | 1 2 4 5 6 |  6.2
Short Blades   | 2 3 5 7 |  7.0
Dodging        | 4 5 7 |  7.0
Stealth        | 4 5 7 9 |  9.6
Alchemy        | 2 3 5 7 9 11 13 | 13.0
Armour         | 1 3 5 6 |  6.0
Necromancy     | 3 8 11 | 11.2

Action                     |  1- 3 |  4- 6 |  7- 9 | 10-12 | 13-15 || total
---------------------------+-------+-------+-------+-------+-------++-------
  Melee: Dagger            |       |       |    12 |   154 |    14 ||   180
         Punch             |       |       |     1 |     2 |       ||     3
   Cast: Sandblast         |    21 |     4 |       |       |       ||    25
         Stone Arrow       |       |    14 |    44 |    69 |    23 ||   150
         Petrify           |       |       |     7 |    86 |    12 ||   105
         Brom's Barrelling |       |       |       |     9 |       ||     9
         Bombard           |       |       |       |    24 |    42 ||    66
         Borgnjor's Vile C |       |       |       |    15 |    34 ||    49
         Irradiate         |       |       |       |     4 |       ||     4
         Leda's Liquefacti |       |       |       |     1 |       ||     1
         Lee's Rapid Decon |       |       |       |       |     3 ||     3
         Mephitic Cloud    |       |       |       |       |     1 ||     1
 Invoke: Channel Magic     |       |       |     3 |     5 |    10 ||    18
    Use: Potion            |       |       |     1 |    12 |     1 ||    14
         Scroll            |       |       |     1 |       |       ||     1
   Stab: Petrified         |       |       |    12 |   113 |     9 ||   134
         Petrifying        |       |       |       |     9 |     2 ||    11
         Invisible         |       |       |       |     3 |       ||     3
 Armour: Robe              |     4 |       |       |       |       ||     4
         Troll leather arm |       |       |     9 |    85 |     3 ||    97
         Acid dragon scale |       |       |       |       |    21 ||    21
  Dodge: Dodged            |     8 |     3 |    13 |   113 |    32 ||   169
